 Dungeon Crawl Stone Soup version 0.28.0-56-g4927b6849a (webtiles) character file.

Game seed: 17980189130530152069

103 cbfl8 the Skirmisher (level 4, -3/42 HPs)
             Began as a Minotaur Berserker on Jan 29, 2023.
             Was a Believer of Trog.
             Slain by a hobgoblin (4 damage)
             ... led by Robin
             ... on level 2 of the Dungeon.
             The game lasted 00:01:09 (1900 turns).

cbfl8 the Skirmisher (Minotaur Berserker)           Turns: 1900, Time: 00:01:10

Health: -3/42      AC:  2    Str: 22    XL:     4   Next: 51%
Magic:  3/3        EV: 12    Int:  4    God:    Trog [**....]
Gold:   78         SH:  0    Dex: 11    Spells: 3/3 levels left

rFire   . . .      SeeInvis .   a - +0 hand axe
rCold   . . .      Faith    .   (no shield)
rNeg    . . .      Spirit   .   b - +0 animal skin
rPois   .          Reflect  .   (helmet restricted)
rElec   .          Harm     .   (no cloak)
rCorr   .          Rampage  .   (no gloves)
Will    .....                   (no boots)
Stlth   +.........              (no amulet)
HPRegen 0.14/turn               (no ring)
MPRegen 0.08/turn               (no ring)

@: on berserk cooldown, slowed, very slow
A: horns 2, retaliatory headbutt
a: Renounce Religion, Berserk, Trog's Hand


You were on level 2 of the Dungeon.
You worshipped Trog.
Trog was pleased with you.
You visited 1 branch of the dungeon, and saw 2 of its levels.

You collected 78 gold pieces.

Inventory:

Hand Weapons
 a - a +0 hand axe (weapon)
Armour
 b - a +0 animal skin (worn)
Scrolls
 d - 3 scrolls of identify {unknown}
 e - 2 scrolls of blinking {unknown}
 g - a scroll of teleportation {unknown}
 h - a scroll of enchant armour {unknown}
 i - a scroll of enchant weapon {unknown}
Potions
 c - a potion of brilliance {unknown}
 f - a potion of attraction {unknown}


   Skills:
 * Level 5.1 Fighting
 * Level 4.6 Axes
 + Level 2.8 Armour
 * Level 2.6 Dodging
 + Level 0.2 Stealth
 * Level 0.3 Evocations


You had 3 spell levels left.
You didn't know any spells.
Your spell library was empty.

Dungeon Overview and Level Annotations

Branches:
Dungeon (2/15)

Altars:

Annotations:
D:2 Robin


Innate Abilities, Weirdness & Mutations

You have a pair of horns on your head.
You reflexively headbutt those who attack you in melee.


Message History

You kill the hobgoblin!
Trog accepts your kill. The goblin hits you with a +0 dagger.
You barely miss the goblin. You hit the goblin.
You kill the goblin!
Trog accepts your kill.
The goblin hits you with a +0 dagger. x2
Unknown command.
You closely miss the goblin. Your headbutt misses the goblin.
The goblin hits you with a +0 dagger.
Unknown command.
You closely miss the goblin.
The goblin hits you with a +0 dagger. x2
Unknown command.
You hit the goblin. You headbutt the goblin.
You kill the goblin!
Trog accepts your kill. The hobgoblin completely misses you.
You hit the hobgoblin.
You headbutt the hobgoblin, but do no damage.
The hobgoblin is almost dead.
The hobgoblin hits you.
* * * LOW HITPOINT WARNING * * *
The hobgoblin misses you.
You hit the hobgoblin but do no damage.
The hobgoblin is almost dead.
The hobgoblin closely misses you.
You closely miss the hobgoblin. Your headbutt misses the hobgoblin.
The hobgoblin is almost dead.
The hobgoblin hits you.
* * * LOW HITPOINT WARNING * * *
The hobgoblin hits you.
* * * LOW HITPOINT WARNING * * *
You hit the hobgoblin.
You kill the hobgoblin!
Trog accepts your kill. The hobgoblin hits you.
* * * LOW HITPOINT WARNING * * *
You see here a +0 dagger.
The hobgoblin hits you.
You die...

#.###..### ####.
##### ##.....# #....
#.... ##.####.# ...
#.... #.## #.# ...
#.... †######.# #g#
#._.. ......#.# #)# #
#....
.####.#.########g##.#
......
.###.........))g)...#
## ####.#
.†......########@####
.. ..... .......^#
#.# #.####.#
####..#.# #.#
#....... ......#.#
#.# #.##.##.
####.##.#######...
#.### #.##...........
#.# # #.##########..#
#.# #.# #..# #<# #.#
#.#


You could see Robin and 2 hobgoblins.

Vanquished Creatures
  Jessica (D:2)
  2 adders (D:2)
  A worm (D:2)
  2 dart slugs (D:1)
  2 bats
  5 endoplasms (D:1)
  7 goblins
  10 hobgoblins
  4 jackals (D:1)
  4 quokkas
  3 ball pythons (D:1)
  A frilled lizard (D:1)
  3 rats (D:1)
45 creatures vanquished.

Vanquished Creatures (others)
  2 plants (D:1)
2 creatures vanquished.

Grand Total: 47 creatures vanquished

Notes
Turn   | Place    | Note
-------+----------+-------------------------------------------
     0 | D:1      | cbfl8 the Minotaur Berserker began the quest for the Orb.
     0 | D:1      | Reached XP level 1. HP: 19/19 MP: 0/0
   292 | D:1      | Reached XP level 2. HP: 26/27 MP: 1/1
   328 | D:1      | Reached skill level 4 in Fighting
   834 | D:1      | Reached XP level 3. HP: 33/33 MP: 2/2
  1374 | D:2      | Found a faded altar of an unknown god.
  1872 | D:2      | Noticed Jessica
  1873 | D:2      | Reached ** piety under Trog
  1880 | D:2      | Reached XP level 4. HP: 35/41 MP: 3/3
  1882 | D:2      | Killed Jessica
  1883 | D:2      | Reached skill level 5 in Fighting
  1886 | D:2      | Noticed Robin
  1898 | D:2      | HP: 1/42 [hobgoblin[Robin] (4)]
  1900 | D:2      | Slain by a hobgoblin

Illustrated notes

Levels and vault maps discovered:
D:1:      heliophobic_arrival_ceremonial_halls, layout_loops_ring,
          serial_forest, infiniplex_forest_lined_room_,
          infiniplex_forest_clump_cross, infiniplex_forest_lined_3,
          infiniplex_forest_lined_ring, infiniplex_forest_end_3,
          infiniplex_forest_straight_4, infiniplex_forest_lined_room_2,
          infiniplex_forest_clump_tiny
D:2:      layout_loops_ring, basic_ecumenical_altar, kennysheep_generic_room_12,
          uniq_robin, uniq_jessica

Skill      XL: |  1  2  3  4 |
---------------+-------------+-----
Axes           | 4 |  4.6
Fighting       | 4 5 |  5.1
Armour         | |  2.8
Dodging        | |  2.6
Stealth        | |  0.2
Evocations     | |  0.3

Action                   |  1- 3 |  4- 6 || total
-------------------------+-------+-------++-------
Melee: Hand axe          |    85 |    14 ||    99
       Headbutt          |    13 |     3 ||    16
Invok: Berserk           |       |     1 ||     1
Armor: Animal skin       |    15 |     1 ||    16
Dodge: Dodged            |    51 |     6 ||    57
